 Dungeon Crawl Stone Soup version 0.28-a0-771-g91a516d0e7 (webtiles) character file.

Game seed: 5720373869149558655

3110 MirrMurr the Covert (level 9, -8/45 HPs)
             Began as a Spriggan Enchanter on Nov 1, 2021.
             Was a Believer of Dithmenos.
             Killed by divine providence
             ... invoked by an orc priest
              (14 damage)
             ... on level 7 of the Dungeon.
             The game lasted 00:21:51 (8142 turns).

MirrMurr the Covert (Spriggan Enchanter)            Turns: 8142, Time: 00:21:52

Health: -8/45      AC:  8    Str:  7    XL:     9   Next: 60%
Magic:  11/16      EV: 36    Int: 17    God:    Dithmenos [**....]
Gold:   237        SH:  8    Dex: 15    Spells: 8/16 levels left

rFire   . . .      SeeInvis +   a - +1 dagger (venom)
rCold   . . .      Faith    .   x - +3 buckler {AC+3}
rNeg    . . .      Spirit   .   b - +1 robe
rPois   .          Reflect  .   (helmet restricted)
rElec   .          Harm     .   t - +1 cloak
rCorr   .          Rampage  .   (gloves unavailable)
Will    +....                   (boots unavailable)
Stlth   +++++.....              k - amulet of the acrobat
HPRegen 0.15/turn               (no ring)
MPRegen 0.15/turn               (no ring)

@: acrobatic, wreathed by umbra, very quick
A: very small, no large weapons, unfitting armour, see invisible, speed 3
a: Renounce Religion, Shadow Step


You were on level 7 of the Dungeon.
You worshipped Dithmenos.
Dithmenos was pleased with you.
You visited 2 branches of the dungeon, and saw 8 of its levels.

You collected 281 gold pieces.
You spent 44 gold pieces at shops.

Inventory:

Hand Weapons
 a - a +1 dagger of venom (weapon)
 v - a +0 rapier
 w - a +1 dagger
Missiles
 d - 203 stones (quivered)
 f - 8 poisoned darts
 g - 4 throwing nets
 n - 66 sling bullets
Armour
 b - a +1 robe (worn)
 t - a +1 cloak (worn)
 x - a +3 buckler of protection (worn)
Jewellery
 k - an amulet of the acrobat (around neck)
Wands
 j - a wand of polymorph (32)
 l - a wand of mindburst (15)
 r - a wand of digging (5)
 s - a wand of acid (6)
 u - a wand of flame (37)
 y - a wand of charming (8)
Scrolls
 i - a scroll of fog
 q - 4 scrolls of teleportation
Potions
 c - 2 potions of invisibility
 e - 4 potions of flight
 h - a potion of resistance {unknown}
 m - 2 potions of might
 o - a potion of lignification
 p - 2 potions of haste
 z - a potion of attraction {unknown}
 A - 2 potions of ambrosia


   Skills:
 - Level 4.0 Fighting
 + Level 6.5 Short Blades
 + Level 9.4 Dodging
 + Level 10.0 Stealth
 - Level 4.0 Spellcasting
 - Level 8.0 Hexes


You had 8 spell levels left.
You knew the following spells:

 Your Spells              Type           Power      Damage    Failure   Level
a - Ensorcelled Hibernat  Hex/Ice        34%        N/A       8%          2
b - Confusing Touch       Hex            30%        N/A       3%          3
c - Tukima's Dance        Hex            30%        N/A       3%          3

Your spell library contained the following spells:

 Spells                   Type           Power      Damage    Failure   Level
 Dazzling Flash           Conj/Hex       34%        N/A       16%         3
 Conjure Flame            Conj/Fire      3%         6-21      61%         3
 Frozen Ramparts          Ice            6%         1d2       61%         3
 Ignite Poison            Fire/Tmut/Pois 3%         N/A       61%         3
 Mephitic Cloud           Conj/Pois/Air  3%         N/A       61%         3
 Stone Arrow              Conj/Erth      6%         3d7       61%         3
 Animate Armour           Summ/Erth      6%         N/A       95%         4
 Ice Form                 Ice/Tmut       3%         N/A       95%         4
 Olgreb's Toxic Radiance  Pois           3%         N/A       95%         4
 Sticky Flame             Conj/Fire      3%         2d3       95%         4
 Summon Ice Beast         Ice/Summ       3%         N/A       95%         4
 Freezing Cloud           Conj/Ice/Air   1%         6-21      100%        5
 Ozocubu's Refrigeration  Ice            1%         4d5       100%        7
 Ignition                 Fire           1%         3d3       100%        8
 Lehudib's Crystal Spear  Conj/Erth      1%         10d2      100%        8


Dungeon Overview and Level Annotations

Branches:
Dungeon (7/15)             Temple (1/1) D:5

Altars:
Ashenzari
Cheibriados
Dithmenos
Elyvilon
Fedhas
Gozag
Hepliaklqana
Kikubaaqudgha
Makhleb
Nemelex Xobeh
Okawaru
Qazlal
Ru
Sif Muna
Trog
Uskayaw
Vehumet
Wu Jian
Xom
Yredelemnul
Zin

Shops:
D:1 (   D:3 !(=   D:4 :

Annotations:
D:4 Sigmund
D:6 1 runed translucent door, paps's ghost, novice DsGl


Innate Abilities, Weirdness & Mutations

You are very small and have problems with some larger weapons.
You are too small for most types of armour.
You have supernaturally acute eyesight. (SInv)
You cover ground extremely quickly. (Speed+++)


Message History

The orc priest resists with some effort.
You block the orc priest's attack.
You hit the orc priest but do no damage.
The orc priest is poisoned.
You block the orc priest's attack.
Casting: Ensorcelled Hibernation (safe; 8% risk of failure)
Confirm with . or Enter, or press ? or * to list all spells.
Aiming: Ensorcelled Hibernation (safe; 8% risk of failure)
Press: ? - help, Shift-Dir - straight line, f/p - orc priest
Aim: an orc priest, wielding a +2 short sword of holy wrath and wearing a +0 leather armour (very poisoned, umbra, chance to affect: 48%)
The orc priest resists with some effort.
The orc priest completely misses you.
You closely miss the orc wizard. The orc priest misses you.
The orc wizard completely misses you.
You hit the orc wizard.
The orc wizard is lightly wounded.
The orc priest calls down the wrath of Beogh upon you.
Beogh smites you!
You are too injured to fight recklessly!
You are too injured to fight recklessly!
You hit the orc priest but do no damage.
The orc priest looks as sick as possible!
The orc wizard hits you with a +0 dagger.
You block the orc priest's attack.
You hit the orc priest.
The orc priest is lightly wounded.
The orc wizard gestures at you while chanting.
The magic dart hits you.
* * * LOW HITPOINT WARNING * * *
You closely miss the orc priest.
The orc priest is moderately wounded.
You block the orc priest's attack. The orc wizard closely misses you.
Unknown command.
The orc wizard gestures at you while chanting.
The puff of flame misses you.
The orc priest mumbles some strange prayers to Beogh against you.
Pain shoots through your body!
* * * LOW HITPOINT WARNING * * *
The orc priest invokes the aid of Beogh against you.
Beogh smites you!
You die...

###.....#............# ##
#...._..........####.####.
#.#.....#......## #..##..
#.#....○#......######....#
#.###.###....)...##.......
#.# #.##.....oo.....#####.
#.###....###.....#### ##
#......##[...###..# #
##...###.@#### ##.#
###.##[.## #.# #..[.## #.#
#.#...# #.#
########.###.### #.#
#........# #...# #.####
#......### ###<# #.<..#
#......# #.#### ####.#
######.#######....### #.##


You could see an orc priest (very poisoned) and an orc wizard (invisible).

Vanquished Creatures
  Harold (D:7)
  Pikel (D:6)
  Eustachio (D:5)
  A water moccasin (D:7)
  Duvessa (D:6)
  A hornet zombie (D:6)
  A black bear (D:4)
  A necrophage (D:5)
  4 ogres
  2 centaurs (D:7)
  3 scorpions
  Dowan (D:6)
  A centaur zombie (D:5)
  A bullfrog skeleton (D:6)
  2 hounds
  5 orc priests
  Crazy Yiuf (D:4)
  A centaur skeleton (D:7)
  An iguana (D:7)
  2 orc wizards
  7 gnolls
  3 adders
  A white imp (D:7)
  An ufetubus (D:5)
  An adder skeleton (D:4)
  3 worms
  3 dart slugs
  13 orcs
  4 endoplasms
  4 giant cockroaches
  3 goblins
  6 hobgoblins
  5 kobolds
  3 quokkas
  6 ball pythons
  3 bats
  2 frilled lizards (D:1)
  3 rats
103 creatures vanquished.

Vanquished Creatures (collateral kills)
  An ogre (D:5)
  A gnoll (D:7)
2 creatures vanquished.

Vanquished Creatures (others)
  A dancing weapon (D:7)
  An orc (D:7)
2 creatures vanquished.

Grand Total: 107 creatures vanquished

Notes
Turn   | Place    | Note
-------+----------+-------------------------------------------
     0 | D:1      | MirrMurr the Spriggan Enchanter began the quest for the
                  | Orb.
     0 | D:1      | Reached XP level 1. HP: 9/9 MP: 5/5
   563 | D:1      | Reached skill level 5 in Stealth
   563 | D:1      | Reached XP level 2. HP: 8/13 MP: 6/6
   575 | D:1      | Learned a level 2 spell: Ensorcelled Hibernation
   875 | D:1      | Found Eses's Weapon Shoppe.
  1024 | D:1      | Found a faded altar of an unknown god.
  1469 | D:2      | Reached XP level 3. HP: 16/16 MP: 8/8
  1482 | D:2      | Learned a level 3 spell: Confusing Touch
  1953 | D:2      | Reached skill level 6 in Stealth
  2013 | D:2      | Reached XP level 4. HP: 21/21 MP: 4/9
  2127 | D:1      | Bought a +0 dagger of venom for 44 gold pieces
  2525 | D:3      | Found an opulent altar of Gozag.
  2525 | D:3      | Found a glowing silver altar of Zin.
  2560 | D:3      | Found Godohukk's Weapon Shoppe.
  2606 | D:3      | Found a shadowy altar of Dithmenos.
  2614 | D:3      | Became a worshipper of Dithmenos the Shadowed
  2827 | D:3      | Found Hukkes's Distillery.
  2889 | D:3      | Found Sauwyhain's Jewellery Shoppe.
  3203 | D:3      | Found a snail-covered altar of Cheibriados.
  3347 | D:4      | Noticed Sigmund
  3348 | D:4      | Noticed a scorpion
  3379 | D:4      | Killed a scorpion
  3380 | D:4      | Reached skill level 7 in Stealth
  3380 | D:4      | Reached XP level 5. HP: 16/24 MP: 5/10
  3682 | D:4      | Found a burning altar of Makhleb.
  3768 | D:4      | Learned a level 3 spell: Tukima's Dance
  3830 | D:4      | Found Fadenaru's Book Shop.
  4008 | D:4      | Found a runed translucent door.
  4009 | D:4      | Noticed Crazy Yiuf
  4025 | D:4      | Killed Crazy Yiuf
  4138 | D:5      | Entered Level 5 of the Dungeon
  4147 | D:5      | Noticed a necrophage
  4150 | D:5      | Reached skill level 5 in Short Blades
  4150 | D:5      | Reached skill level 8 in Stealth
  4150 | D:5      | Reached XP level 6. HP: 28/28 MP: 11/11
  4602 | D:4      | Reached skill level 5 in Hexes
  4620 | D:4      | Reached XP level 7. HP: 32/32 MP: 9/13
  4729 | D:5      | Found a staircase to the Ecumenical Temple.
  4746 | Temple   | Entered the Ecumenical Temple
  5024 | D:5      | Noticed Eustachio
  5027 | D:5      | Killed Eustachio
  5027 | D:5      | Reached * piety under Dithmenos
  5319 | D:5      | Reached skill level 1 in Fighting
  5319 | D:5      | Reached XP level 8. HP: 20/37 MP: 6/15
  5476 | D:5      | Found a shimmering blue altar of Sif Muna.
  5476 | D:5      | Found a radiant altar of Vehumet.
  5557 | D:5      | Found a sparkling altar of Nemelex Xobeh.
  5659 | D:6      | Noticed Duvessa
  5659 | D:6      | Noticed Dowan
  5678 | D:6      | Killed Duvessa
  5839 | D:6      | Reached skill level 5 in Dodging
  6265 | D:6      | Noticed Pikel
  6294 | D:6      | Killed Pikel
  6356 | D:6      | Reached XP level 9. HP: 45/45 MP: 13/16
  6381 | D:6      | Found a runed translucent door.
  6381 | D:6      | Found a shimmering altar of Xom.
  6381 | D:6      | Noticed paps's ghost (novice DsGl)
  6383 | D:6      | Noticed a +2 short sword of chaos
  6407 | D:6      | Killed Dowan
  6656 | D:6      | Found a white marble altar of Elyvilon.
  6736 | D:7      | Identified a scroll of acquirement
  6736 | D:7      | Acquired a +2 buckler of protection
  7227 | D:7      | Found an iron altar of Okawaru.
  7248 | D:7      | Found a hide-covered altar of Uskayaw.
  7252 | D:7      | Noticed Harold
  7267 | D:7      | Killed Harold
  7268 | D:7      | Reached skill level 9 in Stealth
  7524 | D:7      | Reached ** piety under Dithmenos
  7992 | D:7      | Reached skill level 10 in Stealth
  8074 | D:7      | Found a stormy altar of Qazlal.
  8142 | D:7      | Killed from afar by an orc priest

Illustrated notes

Levels and vault maps discovered:
D:1:      dpeg_arrival_prison, layout_basic, basic_ecumenical_altar,
          serial_shops, shop
D:2:      layout_basic
D:3:      layout_rooms, grunt_temple_overflow_gold_and_silver,
          nicolae_dithmenos_shadow_blocks, nicolae_overflow_crystal_walls,
          serial_shops, shop_fountains, nicolae_shop_behind_doors,
          nicolae_shop_stone
D:4:      layout_basic, makhleb_heckhound_becter, serial_shops,
          nicolae_shop_waterfront, uniq_crazy_yiuf_cottage, uniq_sigmund
D:5:      layout_cave_pools, amethyst_overflow_temple_binary,
          nemelex_diamond_rough_becter, minmay_temple_entry_crystal_x,
          uniq_eustachio
D:6:      layout_cave_pools, nicolae_elyvilon_peaceful_grove, ebering_ghost_xom,
          serial_glass, glass_columns_a, glass_columns_a, feat_on_display,
          due_unseen_surprise, minmay_strange_pillars, feat_on_display,
          uniq_duvessa, uniq_pikel
D:7:      layout_rooms, grunt_qazlal_clouds, mainiacjoe_overflow_catwalk_spiral,
          chequers_serial_rivers_small_b, uniq_harold, uniq_joseph
Temple:   nicolae_temple_figure_zero

Skill      XL: |  1  2  3  4  5  6  7  8  9 |
---------------+----------------------------+-----
Stealth        | 5 6 7 8 10 | 10.0
Short Blades   | 2 3 4 5 6 |  6.5
Spellcasting   | 3 4 |  4.0
Hexes          | 5 8 |  8.0
Dodging        | 3 7 9 |  9.4
Fighting       | 1 4 |  4.0

Action                   |  1- 3 |  4- 6 |  7- 9 || total
-------------------------+-------+-------+-------++-------
Melee: Dagger            |   102 |   101 |   151 ||   354
Throw: Dart              |       |     2 |     2 ||     4
       Stone             |       |       |     2 ||     2
 Cast: Ensorcelled Hiber |    15 |    14 |    52 ||    81
       Confusing Touch   |       |     3 |     5 ||     8
       Tukima's Dance    |       |       |     4 ||     4
Evoke: Wand              |       |       |     2 ||     2
  Use: Scroll            |       |     7 |    11 ||    18
       Potion            |       |       |     1 ||     1
 Stab: Sleeping          |    20 |    17 |    30 ||    67
       Confused          |       |     1 |     8 ||     9
Armor: Robe              |     9 |     6 |     8 ||    23
Dodge: Dodged            |    74 |    48 |   121 ||   243
Block: Buckler           |       |       |    28 ||    28

Table legend: (Time is in decaauts)
 A = Elapsed time spent in this place.
 B = Non-inter-level travel time spent in this place.
 C = Inter-level travel time spent in this place.
 D = Time resting spent in this place.
 E = Time spent auto-exploring this place.
 F = Levels seen in this place.
 G = Mean time per level.
                   A        B        C        D        E       F      G
               +--------+--------+--------+--------+--------+-----+--------+
         Total |   6519 |   6221 |    298 |    369 |   4606 |   8 |  814.9 |
       Dungeon |   6413 |   6121 |    292 |    369 |   4510 |   7 |  916.1 |
        Temple |    105 |    100 |      5 |      0 |     95 |   1 |  105.0 |
               +--------+--------+--------+--------+--------+-----+--------+

Top non-repeatable levels by time:
     D:1: 1329 daAuts
     D:5: 1112 daAuts
     D:6: 1104 daAuts
     D:4: 953 daAuts
     D:2: 720 daAuts
     D:3: 646 daAuts
     D:7: 546 daAuts
  Temple: 105 daAuts
